 Dungeon Crawl Stone Soup version 0.24.0-123-gd5b16e6ec5 (webtiles) character file.

Game seed: 6492315196182576989, levelgen mode: deterministic

528962 Peloso the Minotaur Barricade (level 24, 0/237 HPs)
             Began as a Minotaur Fighter on Jan 1, 2020.
             Was the Champion of Okawaru.
             Slain by a spriggan berserker
             ... wielding a +1 antimagic broad axe
              (8 damage)
             ... on level 3 of the Depths.
             The game lasted 03:10:58 (60009 turns).

Peloso the Minotaur Barricade (Minotaur Fighter)   Turns: 60009, Time: 03:10:58

Health: 0/237      AC: 28    Str: 42    XL:     24   Next: 36%
Magic:  8/23       EV: 23    Int: 10    God:    Okawaru [******]
Gold:   4657       SH: 22    Dex: 24    Spells: 23/23 levels left

rFire    + . .     SeeInvis +   b - +10 scimitar "Galawnu" {slice, rPois rN+ Int-4}
rCold    + . .     Gourm    .   c - +0 shield {reflect}
rNeg     + + .     Faith    .   Q - +10 chain mail of Gesmeo {*Corrode Str+4 Int+3}
rPois    +         Spirit   .   y - +2 hat of Sodasch {*Slow Regen+ Dex+8}
rElec    .         Reflect  +   h - scarf {rC+ rF+}
rCorr    .         Harm     .   r - +1 pair of gloves {Dex+3}
MR       ++...                  N - +1 pair of boots {run}
Stlth    ..........             M - amulet "Xigreaf" {+Rage Str+5}
HPRegen  0.89/turn              J - ring of Kiceages {rN+ MR+ Int+6}
MPRegen  0.18/turn              i - ring "Weosuug" {rPois Str+3 SInv}

@: about to teleport, corroded, very slightly contaminated, quick
A: retaliatory headbutt, horns 2
}: 3/15 runes: barnacled, silver, gossamer
a: Heroism, Finesse, Renounce Religion, Evoke Berserk Rage


You were on level 3 of the Depths.
You worshipped Okawaru.
Okawaru was exalted by your worship.
You were very hungry.

You visited 9 branches of the dungeon, and saw 43 of its levels.
You also visited: Ice Cave and Volcano.

You collected 5445 gold pieces.
You spent 788 gold pieces at shops.

Inventory:

Hand Weapons
 a - a +1 double sword of venom
 b - the +10 scimitar "Galawnu" (weapon) {slice, rPois rN+ Int-4}
   (Okawaru gifted it to you on level 3 of the Shoals)

   It inflicts extra damage upon your enemies.
   It affects your intelligence (-4).
   It protects you from poison.
   It protects you from negative energy.
 u - a +4 demon blade of electrocution
 A - the +6 scimitar of Okawaru's Castigation {vamp, rN+}
   (Okawaru gifted it to you on level 15 of the Dungeon)

   It inflicts no extra harm, but heals its wielder when it wounds a living foe.
   It protects you from negative energy.
 C - the +6 long sword of Strategic Superiority {drain, rC- Str+10}
   (You found it on level 1 of the Depths)

   A truly terrible weapon, it drains the life of those it strikes.
   It affects your strength (+10).
   It makes you vulnerable to cold.
 G - a +3 scimitar of flaming
Armour
 c - a +0 shield of reflection (worn)
 h - a scarf of resistance (worn)
 m - the +0 chain mail of Coronation {+Blink rElec rF- Regen+}
   (Okawaru gifted it to you on level 5 of the Vaults)

   It makes you vulnerable to fire.
   It insulates you from electricity.
   It lets you blink.
   It increases your rate of regeneration.
 r - a +1 pair of gloves of dexterity (worn)
 y - the +2 hat of Sodasch (worn) {*Slow Regen+ Dex+8}
   (Okawaru gifted it to you on level 5 of the Vaults)

   It affects your dexterity (+8).
   It increases your rate of regeneration.
   It may slow you when you take damage.
 L - the +1 faerie dragon scales {rElec rCorr Str-4 Int+3}
   (You took it off the Enchantress on level 2 of the Depths)

   It affects your strength (-4).
   It affects your intelligence (+3).
   It insulates you from electricity.
   It provides partial protection from all sources of acid and corrosion.
 N - a +1 pair of boots of running (worn)
 Q - the +10 chain mail of Gesmeo (worn) {*Corrode Str+4 Int+3}
   (Okawaru gifted it to you on level 13 of the Dungeon)

   It affects your strength (+4).
   It affects your intelligence (+3).
   It may corrode you when you take damage.
 R - +0 fire dragon scales
 T - the +0 pair of gloves of Dramatic Exits {Int+2 Dex+4}
   (Okawaru gifted it to you on level 2 of the Depths)

   It affects your intelligence (+2).
   It affects your dexterity (+4).
Jewellery
 i - the ring "Weosuug" (right hand) {rPois Str+3 SInv}
   (You took it off a centaur warrior on level 11 of the Dungeon)

   [ring of poison resistance]

   It affects your strength (+3).
   It protects you from poison.
   It lets you see invisible.
 J - the ring of Kiceages (left hand) {rN+ MR+ Int+6}
   (You found it on level 11 of the Dungeon)

   [ring of positive energy]

   It affects your intelligence (+6).
   It protects you from negative energy.
   It affects your resistance to hostile enchantments.
 K - an uncursed amulet of the gourmand
 M - the amulet "Xigreaf" (around neck) {+Rage Str+5}
   (You took it off a kobold demonologist on level 11 of the Dungeon)

   [amulet of rage]

   It affects your strength (+5).
   It lets you go berserk.
 U - an uncursed amulet of guardian spirit
 V - an uncursed ring of positive energy
 W - the cursed ring of Teoj {rElec Dex-2}
   (You took it off a vault sentinel on level 5 of the Vaults)

   [ring of dexterity]

   It affects your dexterity (-2).
   It insulates you from electricity.
   It has a curse placed upon it.
Wands
 g - a wand of digging (3)
 B - a wand of flame (14)
 F - a wand of acid (11)
 S - a wand of scattershot (6)
Scrolls
 e - 23 scrolls of identify
 l - 13 scrolls of teleportation
 q - 26 scrolls of remove curse
 v - 8 scrolls of magic mapping
 w - 2 scrolls of holy word
 z - 2 scrolls of fog
 E - 6 scrolls of blinking
 H - a scroll of enchant armour
 I - 2 scrolls of amnesia
 O - 2 scrolls of noise
 P - a scroll of fear
Potions
 d - 5 potions of might
 j - 2 potions of heal wounds
 k - 4 potions of flight
 n - 7 potions of haste
 p - 3 potions of berserk rage
 s - a potion of cancellation
 x - 17 potions of curing
 D - 5 potions of agility
Miscellaneous
 o - a lightning rod (4/4)
 t - a phantom mirror
Comestibles
 f - 84 rations


   Skills:
 + Level 23.7 Fighting
 + Level 24.1 Long Blades
   Level 2.6 Axes
 + Level 18.2 Armour
 + Level 13.7 Dodging
 + Level 5.0 Stealth
 O Level 27 Shields
 + Level 2.3 Invocations
 + Level 2.1 Evocations


You had 23 spell levels left.
You didn't know any spells.
Your spell library contained the following spells:

 Spells                   Type           Power        Failure   Level  Hunger
 Animate Skeleton         Necr           N/A          63%         1    ##.....
 Confusing Touch          Hex            #.....       63%         1    ##.....
 Corona                   Hex            #......      63%         1    ##.....
 Flame Tongue             Conj/Fire      #....        63%         1    ##.....
 Freeze                   Ice            #...         63%         1    ##.....
 Magic Dart               Conj           #...         63%         1    ##.....
 Pain                     Necr           #...         63%         1    ##.....
 Sandblast                Erth           #.....       63%         1    ##.....
 Sting                    Conj/Pois      #...         63%         1    ##.....
 Summon Butterflies       Summ           #.......     63%         1    ##.....
 Summon Small Mammal      Summ           #...         63%         1    ##.....
 Blink                    Tloc           N/A          77%         2    ###....
 Call Imp                 Summ           #.......     77%         2    ###....
 Corpse Rot               Necr           N/A          77%         2    ###....
 Ensorcelled Hibernation  Hex/Ice        #.....       77%         2    ###....
 Passwall                 Tmut/Erth      #.......     77%         2    ###....
 Poisonous Vapours        Pois/Air       #.....       77%         2    ###....
 Searing Ray              Conj           #.....       77%         2    ###....
 Slow                     Hex            #.......     77%         2    ###....
 Sublimation of Blood     Necr           #.........   77%         2    ###....
 Swiftness                Chrm/Air       #.......     77%         2    ###....
 Throw Flame              Conj/Fire      #.....       77%         2    ###....
 Throw Frost              Conj/Ice       #.....       77%         2    ###....
 Call Canine Familiar     Summ           #.......     94%         3    ####...
 Confuse                  Hex            #.......     94%         3    ####...
 Conjure Flame            Conj/Fire      #.......     94%         3    ####...
 Dazzling Spray           Conj/Hex       #.....       94%         3    ####...
 Gell's Gravitas          Tloc           #.........   94%         3    ####...
 Ignite Poison            Fire/Tmut/Pois #.......     94%         3    ####...
 Inner Flame              Hex/Fire       #.......     94%         3    ####...
 Lesser Beckoning         Tloc           #.........   94%         3    ####...
 Mephitic Cloud           Conj/Pois/Air  #.......     94%         3    ####...
 Ozocubu's Armour         Chrm/Ice       #.......     94%         3    ####...
 Recall                   Summ/Tloc      N/A          94%         3    ####...
 Regeneration             Chrm/Necr      #.........   94%         3    ####...
 Stone Arrow              Conj/Erth      #.....       94%         3    ####...
 Summon Guardian Golem    Hex/Summ       #.......     94%         3    ####...
 Tukima's Dance           Hex            #.......     94%         3    ####...
 Vampiric Draining        Necr           #.........   94%         3    ####...
 Animate Dead             Necr           N/A          100%        4    #####..
 Cause Fear               Hex            #.........   100%        4    #####..
 Force Lance              Conj/Tloc      #.......     100%        4    #####..
 Fulminant Prism          Conj/Hex       #.........   100%        4    #####..
 Iskenderun's Mystic Bla  Conj           #.......     100%        4    #####..
 Olgreb's Toxic Radiance  Pois           #.......     100%        4    #####..
 Passage of Golubria      Tloc           N/A          100%        4    #####..
 Petrify                  Tmut/Erth      #.......     100%        4    #####..
 Sticky Flame             Conj/Fire      #.......     100%        4    #####..
 Summon Ice Beast         Ice/Summ       #.......     100%        4    #####..
 Summon Lightning Spire   Summ/Air       #.......     100%        4    #####..
 Throw Icicle             Conj/Ice       #.......     100%        4    #####..
 Agony                    Necr           #.......     100%        5    ######.
 Bolt of Draining         Conj/Necr      #.........   100%        5    ######.
 Dispel Undead            Necr           #.......     100%        5    ######.
 Excruciating Wounds      Chrm/Necr      #.........   100%        5    ######.
 Fireball                 Conj/Fire      #.........   100%        5    ######.
 Irradiate                Conj/Tmut      #.........   100%        5    ######.
 Lee's Rapid Deconstruct  Erth           #.........   100%        5    ######.
 Metabolic Englaciation   Hex/Ice        #.........   100%        5    ######.
 Silence                  Hex/Air        #.........   100%        5    ######.
 Summon Forest            Summ/Tloc      #.........   100%        5    ######.
 Summon Mana Viper        Hex/Summ       #.......     100%        5    ######.
 Venom Bolt               Conj/Pois      #.........   100%        5    ######.
 Yara's Violent Unravell  Hex/Tmut       #.........   100%        5    ######.
 Bolt of Fire             Conj/Fire      #.........   100%        6    #######
 Darkness                 Hex            #.........   100%        6    #######
 Deflect Missiles         Chrm/Air       #.........   100%        6    #######
 Hydra Form               Tmut           #.........   100%        6    #######
 Invisibility             Hex            #.......     100%        6    #######
 Poison Arrow             Conj/Pois      #.........   100%        6    #######
 Statue Form              Tmut/Erth      #........    100%        6    #######
 Dragon Form              Tmut           #.........   100%        7    #######
 Ring of Flames           Chrm/Fire      #.........   100%        7    #######
 Spellforged Servitor     Conj/Summ      #.........   100%        7    #######
 Chain Lightning          Conj/Air       #.........   100%        8    #######
 Discord                  Hex            #.........   100%        8    #######
 Ignition                 Fire           #.........   100%        8    #######
 Lehudib's Crystal Spear  Conj/Erth      #.........   100%        8    #######
 Dragon's Call            Summ           #.........   100%        9    #######
 Fire Storm               Conj/Fire      #.........   100%        9    #######
 Glaciate                 Conj/Ice       #.........   100%        9    #######


Dungeon Overview and Level Annotations

Branches:
Dungeon (15/15)            Temple (1/1) D:6            Lair (6/6) D:10
 Shoals (4/4) Lair:4       Spider (4/4) Lair:3        Slime (0/5) Lair:6
    Orc (2/2) D:10            Elf (3/3) Orc:2        Vaults (5/5) D:13
  Crypt (0/3) Vaults:3     Depths (3/5) D:15          IceCv (visited)
Volcano (visited)

Altars:
Cheibriados
Dithmenos
Fedhas
Gozag
Hepliaklqana
Kikubaaqudgha
Makhleb
Nemelex Xobeh
Okawaru
Qazlal
Ru
Trog
Vehumet
Wu Jian
Xom
Yredelemnul
Zin
The Shining One
Jiyva

Shops:
D:11 :=   Orc:2 :(*!   Shoals:1 !   Shoals:2 %   Vaults:1 (   Vaults:3 :

Portals:
Hell: Depths:1 Depths:2
Pandemonium: Orc:2 Depths:3
Ziggurat: Depths:2

Annotations:
Vaults:1 6 runed translucent doors


Innate Abilities, Weirdness & Mutations

You reflexively headbutt those who attack you in melee.
You have a pair of horns on your head.


Message History

As you read the scroll of blinking, it crumbles to dust.
As you read the scroll of teleportation, it crumbles to dust.
You feel strangely unstable.
The spriggan air mage casts a spell at you.
The bolt of lightning hits the spriggan berserker!!
The bolt of lightning misses you. x2
You feel much better.
You block the spriggan berserker's attack.
Unknown command.
You slash the spriggan berserker! You headbutt the spriggan berserker.
The spriggan berserker is severely wounded.
You block the spriggan berserker's attack.
Unknown command.
You slash the spriggan berserker!
The spriggan berserker is almost dead.
The spriggan air mage waves its arms in wide circles.
The air twists around and strikes you!!
* * * LOW HITPOINT WARNING * * *
The spriggan berserker hits you with a +1 antimagic broad axe!
You die...

# ######.O.......
#..........(..?
#....OO.[...... #DO.......
#.DO...... #OD.......
#####ii....... #####
##.#...i.Z....... ....#
#.....@O(.......#
....##############........#
...........# #........#
...........# #........#
...........# #........#
...........#######.........
..........................
#...##.####...............
##..##.# #...............


You could see a fire dragon, an ice dragon, 3 two-headed ogres, a spriggan
berserker (berserk), 2 spriggan air magi, a spectral swamp worm and an ogre.

Vanquished Creatures
  Mara (Shoals:4)
  An ancient lich (Vaults:5)
  The ghost of dolemite99 the Warrior, a veteran DrFE of Okawaru (Vaults:1)
  the Enchantress (Depths:2)
  3 liches
  2 tentacled monstrosities
  Asterion (Elf:1)
  6 titans (Vaults:5)
  Jorgrun (D:13)
  3 deep elf blademasters
  A deep elf master archer (Elf:3)
  4 sphinxes (Vaults:5)
  Polyphemus (Shoals:2)
  A kraken (Shoals:1)
  4 shadow dragons
  Kirke (Shoals:1)
  3 storm dragons (Vaults:5)
  Donald (Orc:2)
  Ilsuiw (Shoals:2)
  6 fire giants
  4 tengu reavers
  4 frost giants
  10 deep elf sorcerers
  16 vault wardens
  Louise (Shoals:1)
  7 deep elf elementalists
  5 ghost moths
  Aizul (Spider:3)
  2 emperor scorpions (Spider:4)
  A ghoul (Vaults:3)
  2 curse skulls
  A caustic shrike skeleton (Depths:2)
  3 spriggan defenders (Depths:2)
  6 very ugly things
  11 ironheart preservers
  11 stone giants
  The ghost of
  1994 the Warrior, a journeyman OgBe of Trog (Orc:1)
  A juggernaut skeleton (Depths:2)
  3 entropy weavers
  3 vampire knights
  11 deep elf annihilators
  5 deep elf demonologists
  2 spark wasps (Spider:4)
  3 deep elf death magi (Elf:3)
  Snorg (Orc:2)
  14 ettins
  4 merfolk javelineers
  14 yaktaur captains
  3 ettins (shapeshifter) (Vaults:5)
  The ghost of Xudgha the Protected, a journeyman MiFi of Okawaru (Lair:2)
  Josephine (Orc:1)
  4 fire dragons
  6 merfolk impalers
  4 great orbs of eyes
  8 ice dragons
  2 quicksilver dragon skeletons (Depths:2)
  2 rakshasas
  8 deep elf high priests
  12 hydras
  32 vault guards
  A spriggan air mage (Depths:2)
  A catoblepas (Shoals:2)
  2 merfolk avatars
  10 centaur warriors
  A satyr (Shoals:2)
  29 dancing weapons
  9 death knights
  49 two-headed ogres
  8 merfolk aquamancers
  18 ogre magi
  4 deep troll shamans (Depths:1)
  3 deep troll earth magi
  5 tengu warriors
  4 orc high priests
  6 death yaks
  3 spriggan berserkers
  26 deep elf knights
  A small abomination (Elf:3)
  12 hell knights
  A shadow wraith (Vaults:3)
  A titan skeleton (Vaults:5)
  A fire crab (shapeshifter) (Vaults:5)
  A storm dragon skeleton (Depths:2)
  A spark wasp zombie (Depths:1)
  An iron troll (Depths:1)
  23 skeletal warriors
  8 sea snakes
  5 unseen horrors
  2 flayed ghosts
  A shadow demon (Depths:3)
  A torturous demonspawn (Orc:2)
  19 deep trolls
  4 glowing orange brains
  7 phantasmal warriors
  6 wizards
  12 deep elf archers
  2 golden dragon skeletons (Depths:2)
  Pikel (D:5)
  11 ironbrand convokers
  17 orc knights
  69 deep elf magi
  8 necromancers
  A sphinx zombie (Vaults:5)
  A wolf spider zombie (D:15)
  13 orb spiders
  50 ugly things
  17 orc sorcerers
  33 wolf spiders
  26 harpies
  14 fauns
  14 manticores
  A tengu skeleton (Depths:2)
  A sphinx skeleton (Depths:2)
  4 fire giant skeletons
  4 cyclopes
  A salamander (shapeshifter) (Vaults:2)
  A fire giant zombie (Vaults:5)
  12 merfolk sirens
  An elephant (shapeshifter) (Vaults:3)
  3 moths of wrath
  An elephant (Lair:2)
  2 worldbinders (Depths:1)
  2 iron dragon skeletons
  A toenail golem (Volcano)
  Maurice (Orc:2)
  3 stone giant skeletons (Depths:2)
  Joseph (D:8)
  3 torpor snails
  18 vault sentinels
  7 water nymphs
  A black mamba (shapeshifter) (Depths:2)
  4 gargoyles
  2 ice statues (IceCv)
  5 molten gargoyles
  4 black mambas
  6 frost giant skeletons
  A kobold demonologist (D:11)
  30 spiny frogs
  2 centaur skeletons
  2 orange demons (Orc:2)
  A spiny frog (shapeshifter) (Vaults:5)
  4 komodo dragons
  3 efreet (Volcano)
  38 yaktaurs
  A yaktaur (shapeshifter) (Vaults:5)
  A rime drake (shapeshifter) (D:13)
  2 hellwings (Depths:3)
  6 demonic crawlers
  10 ice devils (IceCv)
  A tengu conjurer (Depths:1)
  12 freezing wraiths
  3 spriggan skeletons (Depths:2)
  2 red devils
  A queen bee (D:10)
  6 trolls
  A jumping spider (shapeshifter) (Vaults:1)
  7 polar bears
  26 merfolk
  A hornet (shapeshifter) (Vaults:2)
  A polar bear (shapeshifter) (Vaults:2)
  8 wind drakes
  25 jumping spiders
  3 tyrant leeches (Lair:6)
  18 hornets
  37 slime creatures
  7 snapping turtles
  A stone giant simulacrum (Vaults:5)
  13 hippogriffs
  11 dream sheep
  45 blink frogs
  An air elemental (Elf:1)
  6 flying skulls (Depths:2)
  4 ettin skeletons
  A tarantella (shapeshifter) (Vaults:2)
  15 wraiths
  55 redbacks
  A shadow (D:11)
  15 water elementals
  20 tarantellas
  5 hogs (Shoals:1)
  3 spriggans
  61 yaks
  4 basilisks
  11 fire elementals
  3 wyverns
  A neqoxec (Orc:2)
  2 golden eyes (shapeshifter)
  2 hogs (shapeshifter)
  4 hungry ghosts
  A steam dragon (D:13)
  13 vampire mosquitoes
  7 wargs
  A swamp worm (shapeshifter) (Depths:2)
  14 water moccasins
  A human skeleton (Depths:2)
  5 porcupines
  A hell hound (Lair:1)
  A black bear (shapeshifter) (Vaults:5)
  A black bear (Lair:2)
  A porcupine (shapeshifter) (D:15)
  A deep troll simulacrum (Depths:1)
  52 orc warriors
  2 sky beasts
  7 ice beasts
  4 necrophages
  An eye of draining (D:14)
  2 phantoms
  44 ogres
  An elf zombie (Vaults:5)
  17 wolves
  5 boggarts
  27 centaurs
  A tengu (shapeshifter) (Vaults:4)
  An elf skeleton (Vaults:5)
  5 big kobolds
  20 crocodiles
  22 bullfrogs
  Blork the orc (D:6)
  A wyvern zombie (D:11)
  4 earth elementals
  2 elf simulacra
  3 wyvern skeletons
  5 scorpions
  55 killer bees
  A human simulacrum (Vaults:2)
  12 wights
  8 electric eels
  3 howler monkeys
  6 crimson imps
  2 bullfrog zombies
  6 centaur zombies
  4 draconian simulacra (IceCv)
  37 orc priests
  A human zombie (D:9)
  An iron imp (Depths:2)
  4 jellies
  32 orc wizards
  4 hounds
  5 bullfrog skeletons
  4 iguanas
  A spriggan simulacrum (IceCv)
  10 worker ants
  3 troll simulacra (IceCv)
  2 centaur simulacra (IceCv)
  4 hound zombies
  2 hound skeletons
  3 mummies (D:9)
  8 gnolls (D:7)
  2 worker ant zombies
  2 shadow imps
  14 adders
  A white imp (Vaults:3)
  An adder zombie (D:6)
  3 adder skeletons
  3 dart slugs
  4 leopard geckos
  109 orcs
  8 bats
  2 giant cockroaches
  3 goblins
  5 hobgoblins
  14 jackals
  11 kobolds
  3 quokkas
  A ball python (D:1)
  5 frilled lizards
  A giant cockroach zombie (D:6)
  2 jackal skeletons
  6 rats
  A bush (Lair:6)
  3 fire vortices (Volcano)
  A fungus (Lair:1)
  5 plants
  A tentacle (Shoals:1)
2172 creatures vanquished.

Vanquished Creatures (others)
  A deep elf master archer (Elf:3)
  2 deep elf archers
  A cyclops (Vaults:1)
  5 yaktaurs
  A hog (Shoals:1)
  A boggart (Depths:1)
  4 centaurs
  An orc (Orc:1)
  10 fungi (Lair:6)
  39 plants
  3 tentacles (Shoals:1)
68 creatures vanquished.

Grand Total: 2240 creatures vanquished

Notes
Turn   | Place    | Note
-------+----------+-------------------------------------------
     0 | D:1      | Peloso the Minotaur Fighter began the quest for the Orb.
     0 | D:1      | Reached XP level 1. HP: 19/19 MP: 0/0
   281 | D:1      | Reached XP level 2. HP: 26/27 MP: 1/1
   761 | D:1      | Reached skill level 4 in Shields
  1463 | D:3      | Reached XP level 3. HP: 33/33 MP: 2/2
  2126 | D:4      | Reached XP level 4. HP: 24/40 MP: 3/3
  2129 | D:4      | Found a stormy altar of Qazlal.
  2195 | D:4      | Reached XP level 5. HP: 30/47 MP: 4/4
  2202 | D:4      | Reached skill level 5 in Armour
  2453 | D:4      | Reached skill level 1 in Dodging
  2455 | D:4      | Reached XP level 6. HP: 24/53 MP: 5/5
  2684 | D:4      | Found a blossoming altar of Fedhas.
  2687 | D:4      | Found a stormy altar of Qazlal.
  2980 | D:4      | Reached skill level 5 in Shields
  3266 | D:4      | Noticed an ice beast
  3273 | D:4      | Killed an ice beast
  3273 | D:4      | Reached skill level 5 in Long Blades
  3273 | D:4      | Reached XP level 7. HP: 46/60 MP: 6/6
  3384 | D:5      | Entered Level 5 of the Dungeon
  3411 | D:5      | Noticed Pikel
  3423 | D:5      | Killed Pikel
  3423 | D:5      | Reached skill level 5 in Fighting
  3423 | D:5      | Reached XP level 8. HP: 54/69 MP: 7/7
  3699 | D:5      | Reached skill level 6 in Shields
  4260 | D:6      | Found a staircase to the Ecumenical Temple.
  4267 | Temple   | Entered the Ecumenical Temple
  4375 | Temple   | Became a worshipper of Warmaster Okawaru
  4467 | D:6      | Noticed Blork the orc
  4479 | D:6      | Killed Blork the orc
  5040 | D:6      | Got a slimy ring mail
  5051 | D:6      | Identified the +2 ring mail of Nemelex Xobeh's Hatred
                  | {+Blink Str+5} (You found it on level 6 of the Dungeon)
  5404 | D:7      | Found a sparkling altar of Nemelex Xobeh.
  5489 | D:7      | Found an opulent altar of Gozag.
  5523 | D:7      | Noticed a hippogriff
  5530 | D:7      | Killed a hippogriff
  5530 | D:7      | Reached * piety under Okawaru
  5530 | D:7      | Reached XP level 9. HP: 59/75 MP: 8/8
  5537 | D:7      | Reached skill level 7 in Shields
  6091 | D:8      | Reached skill level 1 in Stealth
  6126 | D:8      | Reached ** piety under Okawaru
  6126 | D:8      | Reached skill level 10 in Long Blades
  6208 | D:8      | Reached skill level 8 in Shields
  6232 | D:8      | Noticed a three-headed hydra
  6240 | D:8      | Killed a one-headed hydra
  6240 | D:8      | Reached *** piety under Okawaru
  6240 | D:8      | Reached XP level 10. HP: 42/86 MP: 9/9
  6310 | D:8      | Found a bloodstained altar of Trog.
  6312 | D:8      | Found a sacrificial altar of Ru.
  6370 | D:8      | Noticed Joseph
  6697 | D:8      | Killed Joseph
  6697 | D:8      | Reached skill level 1 in Axes
  7048 | D:7      | Reached **** piety under Okawaru
  7351 | D:8      | Reached skill level 9 in Shields
  7351 | D:8      | Reached skill level 1 in Evocations
  7374 | D:8      | Reached skill level 5 in Dodging
  7771 | D:8      | Found a shimmering altar of Xom.
  7910 | D:9      | Found a glowing golden altar of the Shining One.
  8272 | D:9      | Reached ***** piety under Okawaru
  8284 | D:9      | Reached XP level 11. HP: 65/95 MP: 10/10
  8411 | D:8      | Received a gift from Okawaru
  8775 | D:9      | Found a hazy altar of Hepliaklqana.
  8987 | D:9      | Found a basalt altar of Yredelemnul.
  9145 | D:10     | Entered Level 10 of the Dungeon
  9145 | D:10     | Found a staircase to the Orcish Mines.
  9210 | D:10     | Noticed a two-headed ogre
  9219 | D:10     | Killed a two-headed ogre
  9219 | D:10     | Reached skill level 10 in Shields
  9269 | D:10     | Noticed a death knight
  9288 | D:10     | Killed a death knight
  9320 | D:10     | Received a gift from Okawaru
 10100 | D:10     | Reached skill level 11 in Shields
 10151 | D:10     | Found a staircase to the Lair.
 10540 | D:11     | Found Zokoofee's Book Emporium.
 10632 | D:11     | Identified the +8 quarterstaff "Giantslayer" {crush, rPois
                  | MR+ Str+4 Int+3}
 10645 | D:11     | Reached skill level 10 in Fighting
 10820 | D:11     | Received a gift from Okawaru
 10872 | D:11     | Reached XP level 12. HP: 106/106 MP: 11/11
 11007 | D:11     | Received a gift from Okawaru
 11007 | D:11     | Reached skill level 12 in Shields
 11012 | D:11     | Got a smoking wooden ring
 11014 | D:11     | Identified the ring of Kiceages {rN+ MR+ Int+6} (You found
                  | it on level 11 of the Dungeon)
 11050 | D:11     | Noticed a centaur warrior
 11056 | D:11     | Killed a centaur warrior
 11058 | D:11     | Identified the ring "Weosuug" {rPois Str+3 SInv}
 11058 | D:11     | Noticed a centaur warrior
 11065 | D:11     | Killed a centaur warrior
 11067 | D:11     | Reached skill level 10 in Armour
 11072 | D:11     | Got a fine marble ring
 11074 | D:11     | Identified the cursed ring of Enucaegi {rF+ rN+ Str-3
                  | Stlth+} (You found it on level 11 of the Dungeon)
 11159 | D:11     | Identified the amulet "Xigreaf" {+Rage Str+5}
 11257 | D:11     | Noticed a death knight
 11284 | D:11     | Killed a death knight
 11774 | D:11     | Found Nisy's Jewellery Boutique.
 12110 | D:12     | Received a gift from Okawaru
 12118 | D:12     | Reached skill level 1 in Invocations
 12122 | D:12     | Got a polished dire flail {god gift}
 12123 | D:12     | Identified the +1 dire flail of the Ship {venom, rElec rC+
                  | Stlth+} (Okawaru gifted it to you on level 12 of the
                  | Dungeon)
 12170 | D:12     | Noticed a four-headed hydra
 12190 | D:12     | Killed a one-headed hydra
 12603 | D:12     | Noticed a two-headed ogre
 12616 | D:12     | Killed a two-headed ogre
 12616 | D:12     | Reached ****** piety under Okawaru
 12662 | D:12     | Reached skill level 15 in Long Blades
 12950 | D:12     | Reached XP level 13. HP: 96/116 MP: 13/13
 13004 | D:12     | Received a gift from Okawaru
 13008 | D:12     | Got a polished demon blade {god gift}
 13009 | D:12     | Identified the +0 demon blade of the Pit {vamp, rN+ Str+2
                  | Stlth+} (Okawaru gifted it to you on level 12 of the
                  | Dungeon)
 13116 | Lair:1   | Entered Level 1 of the Lair of Beasts
 13223 | Lair:1   | Found a transporter.
 13516 | Lair:1   | Found a transporter.
 14031 | Lair:2   | Found a transporter.
 14044 | Lair:2   | Found a transporter.
 14055 | Lair:2   | Noticed Xudgha's ghost (journeyman MiFi)
 14075 | Lair:2   | Reached skill level 13 in Shields
 14876 | Lair:2   | Received a gift from Okawaru
 15235 | Lair:3   | Got a crystal long sword
 15236 | Lair:3   | Identified the cursed +0 long sword "Myang" {slice, rC+
                  | Str+2} (You found it on level 3 of the Lair of Beasts)
 15455 | Lair:3   | Found a hole to the Spider Nest.
 16317 | Lair:1   | Identified a scroll of acquirement
 16585 | D:13     | Found a frozen archway.
 16585 | D:13     | Noticed Jorgrun
 16604 | D:13     | Killed Jorgrun
 16604 | D:13     | Reached skill level 14 in Shields
 16622 | D:13     | Received a gift from Okawaru
 16655 | IceCv    | Entered an ice cave
 16822 | IceCv    | Reached XP level 14. HP: 127/127 MP: 14/14
 16951 | IceCv    | Got a pitted chain mail
 16962 | IceCv    | Identified the +1 chain mail "Peheipn" {rPois Stlth+} (You
                  | found it in an ice cave)
 18033 | D:13     | Found a gate to the Vaults.
 18053 | D:13     | Received a gift from Okawaru
 18056 | D:13     | Got a scorched chain mail {god gift}
 18067 | D:13     | Identified the +10 chain mail of Gesmeo {*Corrode Str+4
                  | Int+3} (Okawaru gifted it to you on level 13 of the
                  | Dungeon)
 18266 | D:14     | Reached skill level 15 in Shields
 18438 | D:14     | Found an iron altar of Okawaru.
 19143 | Orc:1    | Entered Level 1 of the Orcish Mines
 19143 | Orc:1    | Noticed Josephine
 19154 | Orc:1    | Killed Josephine
 19339 | Orc:1    | Found a dark tunnel.
 19346 | Volcano  | Entered a volcano
 19401 | Volcano  | Reached XP level 15. HP: 125/138 MP: 15/15
 19974 | Orc:1    | Found a runed translucent door.
 19979 | Orc:1    | Noticed 1994's ghost (journeyman OgBe)
 19995 | Orc:1    | Killed 1994's ghost
 20365 | Orc:2    | Entered Level 2 of the Orcish Mines
 20367 | Orc:2    | Noticed Maurice
 20383 | Orc:2    | Killed Maurice
 20647 | Orc:2    | Found a staircase to the Elven Halls.
 20698 | Orc:2    | Reached skill level 16 in Shields
 21030 | Orc:2    | Found Nelohoi's General Store.
 21031 | Orc:2    | Found Sios's Distillery.
 21031 | Orc:2    | Noticed Snorg
 21057 | Orc:2    | Killed Snorg
 21064 | Orc:2    | Received a gift from Okawaru
 21166 | Orc:2    | Got an ancient crystal plate armour {god gift}
 21182 | Orc:2    | Identified the +1 crystal plate armour of Baldness {Int+4}
                  | (Okawaru gifted it to you on level 2 of the Orcish Mines)
 21204 | Orc:2    | Bought a potion of mutation for 104 gold pieces
 21206 | Orc:2    | Bought a potion of mutation for 96 gold pieces
 21206 | Orc:2    | Bought a potion of mutation for 96 gold pieces
 21206 | Orc:2    | Bought a potion of heal wounds for 60 gold pieces
 21642 | Orc:2    | Found Kikluoru's Antique Weapon Shop.
 21642 | Orc:2    | Found a one-way gate leading to the halls of Pandemonium.
 21642 | Orc:2    | Found Wicler's Book Boutique.
 21996 | Lair:2   | Killed Xudgha's ghost
 22010 | Lair:2   | Got a heavily runed jade ring
 22012 | Lair:2   | Identified the ring of Eternity {Fire rElec MP+9 Str-5
                  | Int+4} (You found it on level 2 of the Lair of Beasts)
 22189 | Lair:4   | Found a staircase to the Shoals.
 23194 | Lair:5   | Received a gift from Okawaru
 23255 | Lair:5   | Reached skill level 17 in Shields
 23529 | Lair:5   | Reached skill level 15 in Fighting
 24126 | Lair:6   | Entered Level 6 of the Lair of Beasts
 24136 | Lair:6   | Found a viscous altar of Jiyva.
 24137 | Lair:6   | Found a staircase to the Slime Pits.
 24199 | Lair:6   | Reached XP level 16. HP: 65/149 MP: 16/16
 24697 | Lair:6   | Reached skill level 10 in Dodging
 24860 | Lair:6   | Reached skill level 18 in Shields
 24998 | Lair:6   | Got heavily runed fire dragon scales
 25019 | Lair:6   | Identified the cursed +0 fire dragon scales of the Cricket
                  | {rPois rF++ rC- MR+} (You found it on level 6 of the Lair
                  | of Beasts)
 25488 | Spider:1 | Entered Level 1 of the Spider Nest
 25691 | Spider:1 | Received a gift from Okawaru
 25705 | Spider:1 | Identified a +1 pair of boots of running (Okawaru gifted it
                  | to you on level 1 of the Spider Nest)
 27368 | Spider:3 | HP: 5/151 [tarantella (7)]
 28419 | Spider:3 | Received a gift from Okawaru
 28504 | Spider:3 | Noticed Aizul
 28522 | Spider:3 | Killed Aizul
 28849 | Shoals:1 | Entered Level 1 of the Shoals
 28855 | Shoals:1 | Noticed Louise
 28901 | Shoals:1 | Killed Louise
 28901 | Shoals:1 | Reached XP level 17. HP: 158/158 MP: 17/17
 29000 | Shoals:1 | Reached skill level 19 in Shields
 29125 | Shoals:1 | Noticed a kraken
 29139 | Shoals:1 | Killed a kraken
 29279 | Shoals:1 | Found Zucun's Distillery.
 29314 | Shoals:1 | Received a gift from Okawaru
 29350 | Shoals:1 | Got a steaming falchion {god gift}
 29351 | Shoals:1 | Identified the +4 falchion "Wujif" {flame, +Fly rElec rPois
                  | Str-3} (Okawaru gifted it to you on level 1 of the Shoals)
 29451 | Shoals:1 | Bought a potion of mutation for 144 gold pieces
 29451 | Shoals:1 | Bought a potion of mutation for 144 gold pieces
 29451 | Shoals:1 | Bought a potion of ambrosia for 144 gold pieces
 29592 | Shoals:1 | Noticed Kirke
 29616 | Shoals:1 | Killed Kirke
 30159 | Shoals:2 | Received a gift from Okawaru
 30548 | Shoals:2 | Found Ryev's Food Shoppe.
 30552 | Shoals:2 | Noticed Polyphemus
 30589 | Shoals:2 | Noticed Ilsuiw
 30592 | Shoals:2 | Killed Polyphemus
 30592 | Shoals:2 | Reached skill level 20 in Shields
 30612 | Shoals:2 | Killed Ilsuiw
 31520 | Shoals:3 | Received a gift from Okawaru
 31531 | Shoals:3 | Got a crude scimitar {god gift}
 31532 | Shoals:3 | Identified the +10 scimitar "Galawnu" {slice, rPois rN+
                  | Int-4} (Okawaru gifted it to you on level 3 of the Shoals)
 32196 | Shoals:3 | Got a bloodstained hand axe
 32197 | Shoals:3 | Identified the +7 hand axe of War {freeze, MR+ Str+7 Int-2}
                  | (You found it on level 3 of the Shoals)
 32340 | Shoals:4 | Entered Level 4 of the Shoals
 32382 | Shoals:4 | Noticed Mara
 32386 | Shoals:4 | Noticed Peloso's illusion
 32413 | Shoals:4 | Noticed Peloso's illusion
 32435 | Shoals:4 | Noticed Peloso's illusion
 32474 | Shoals:4 | Killed Mara
 32474 | Shoals:4 | Received a gift from Okawaru
 32474 | Shoals:4 | Reached XP level 18. HP: 115/169 MP: 16/18
 33323 | Shoals:4 | Got a barnacled rune of Zot
 34935 | Spider:4 | Entered Level 4 of the Spider Nest
 35010 | Spider:4 | Reached skill level 21 in Shields
 35644 | Spider:4 | Received a gift from Okawaru
 36559 | Spider:4 | Got a gossamer rune of Zot
 36969 | Elf:1    | Entered Level 1 of the Elven Halls
 36985 | Elf:1    | Noticed Donald
 37020 | Orc:2    | Killed Donald
 37246 | Elf:1    | Reached skill level 15 in Armour
 37398 | Elf:1    | Received a gift from Okawaru
 38012 | Elf:1    | Noticed Asterion
 38026 | Elf:1    | Killed Asterion
 38028 | Elf:1    | Reached XP level 19. HP: 120/179 MP: 17/19
 38440 | Elf:2    | Found a runed translucent gate.
 38440 | Elf:2    | Found a runed translucent gate.
 38441 | Elf:2    | Found a runed translucent gate.
 38528 | Elf:2    | Reached skill level 22 in Shields
 39198 | Elf:2    | Received a gift from Okawaru
 40039 | Elf:3    | Entered Level 3 of the Elven Halls
 40458 | Elf:3    | Received a gift from Okawaru
 40852 | Elf:3    | Identified the ring "Ruok" {rC+ rN+ Int+2}
 41422 | Elf:3    | Reached skill level 23 in Shields
 41751 | Elf:3    | Reached XP level 20. HP: 191/191 MP: 20/20
 41975 | Elf:3    | Received a gift from Okawaru
 41991 | Elf:3    | Got an ancient steel ring
 41993 | Elf:3    | Identified the ring "Wasitif" {+Inv Stlth-} (You found it
                  | on level 3 of the Elven Halls)
 41998 | Elf:3    | Got a slimy ivory ring
 42000 | Elf:3    | Identified the ring "Nyog" {rN+ Int+3 SInv} (You found it
                  | on level 3 of the Elven Halls)
 42021 | Elf:3    | Got a distressingly furry plate armour
 42032 | Elf:3    | Identified the +9 plate armour "Gujet Icad" {rF- rC+
                  | Stlth+} (You found it on level 3 of the Elven Halls)
 42111 | Elf:3    | Identified the Reference Book on Dislocation and the Escort
 42912 | Elf:3    | Got a scorched demon trident {god gift}
 42913 | Elf:3    | Identified the +8 demon trident of Haitofia {elec, rElec
                  | rN++ MR- Int+3} (Okawaru gifted it to you on level 3 of the
                  | Elven Halls)
 43177 | Vaults:1 | Entered Level 1 of the Vaults
 43496 | Vaults:1 | Found Nogy's Weapon Shoppe.
 43881 | Vaults:1 | Found a large runed translucent door.
 43881 | Vaults:1 | Found a large runed translucent door.
 43881 | Vaults:1 | Found a large runed translucent door.
 43881 | Vaults:1 | Found a large runed translucent door.
 43881 | Vaults:1 | Found a large runed translucent door.
 43881 | Vaults:1 | Found a large runed translucent door.
 43881 | Vaults:1 | Found a large runed translucent door.
 43881 | Vaults:1 | Found a large runed translucent door.
 43881 | Vaults:1 | Noticed dolemite99's ghost (veteran DrFE)
 43932 | Vaults:1 | Received a gift from Okawaru
 43939 | Vaults:1 | Killed dolemite99's ghost
 43958 | Vaults:1 | Got a flickering pewter ring
 43964 | Vaults:1 | Identified the ring "Eluuloxil" {+Inv rC+ MR++ MP+9 Dex-4}
                  | (You found it on level 1 of the Vaults)
 45067 | Vaults:2 | Reached skill level 24 in Shields
 46074 | Vaults:2 | Received a gift from Okawaru
 46266 | Vaults:3 | Reached XP level 21. HP: 138/201 MP: 21/21
 46487 | Vaults:3 | Found a staircase to the Crypt.
 47420 | Vaults:3 | Found Rahedo's Book Emporium.
 48103 | Vaults:4 | Received a gift from Okawaru
 48883 | Vaults:4 | Reached skill level 25 in Shields
 49095 | Vaults:4 | Received a gift from Okawaru
 49095 | Vaults:4 | Reached skill level 5 in Stealth
 49921 | Vaults:5 | Entered Level 5 of the Vaults
 50388 | Vaults:5 | Received a gift from Okawaru
 50405 | Vaults:4 | Reached XP level 22. HP: 143/213 MP: 22/22
 51594 | Vaults:5 | Identified the cursed +2 hunting sling "Muinkec" {venom,
                  | rElec Str+2 SInv}
 52121 | Vaults:5 | Reached skill level 26 in Shields
 52127 | Vaults:5 | Received a gift from Okawaru
 52158 | Vaults:5 | Identified the cursed ring of Teoj {rElec Dex-2}
 52933 | Vaults:5 | Identified the +9 mace of Tenacity {pain, +Blink rPois rC+
                  | rN+}
 53974 | Vaults:5 | Received a gift from Okawaru
 54041 | Vaults:5 | Got a distressingly furry chain mail {god gift}
 54043 | Vaults:5 | Got a silver rune of Zot
 54392 | Vaults:5 | Identified the +0 chain mail of Coronation {+Blink rElec
                  | rF- Regen+} (Okawaru gifted it to you on level 5 of the
                  | Vaults)
 54800 | Vaults:5 | Identified the cursed +1 hand axe of the Blowfly {vamp,
                  | rElec}
 54808 | Vaults:5 | Reached XP level 23. HP: 205/222 MP: 23/23
 54808 | Vaults:5 | Noticed an ancient lich
 54818 | Vaults:5 | Killed an ancient lich
 55695 | Vaults:5 | Got a transparent hat {god gift}
 55701 | Vaults:5 | Identified the +2 hat of Sodasch {*Slow Regen+ Dex+8}
                  | (Okawaru gifted it to you on level 5 of the Vaults)
 55935 | D:15     | Entered Level 15 of the Dungeon
 56081 | D:15     | Received a gift from Okawaru
 56094 | D:15     | Got a shimmering scimitar {god gift}
 56095 | D:15     | Identified the +6 scimitar of Okawaru's Castigation {vamp,
                  | rN+} (Okawaru gifted it to you on level 15 of the Dungeon)
 56231 | D:15     | Found a staircase to the Depths.
 56463 | Depths:1 | Entered Level 1 of the Depths
 56565 | Depths:1 | Reached skill level 27 in Shields
 56584 | Depths:1 | Paralysed by an ogre mage for 2 turns
 56711 | Depths:1 | Received a gift from Okawaru
 56964 | Depths:1 | Got a slimy long sword
 56965 | Depths:1 | Identified the +6 long sword of Strategic Superiority
                  | {drain, rC- Str+10} (You found it on level 1 of the Depths)
 57073 | Depths:1 | Found a gateway to Hell.
 57459 | Depths:1 | Identified the Grimoire of the Escort
 58119 | Depths:2 | Noticed the Enchantress
 58146 | Depths:2 | Killed the Enchantress
 58763 | Depths:2 | Found a gateway to a ziggurat.
 58924 | Depths:2 | Received a gift from Okawaru
 58933 | Depths:2 | Reached XP level 24. HP: 235/235 MP: 23/23
 58956 | Depths:2 | Got a pair of twisted gloves {god gift}
 58967 | Depths:2 | Identified the +0 pair of gloves of Dramatic Exits {Int+2
                  | Dex+4} (Okawaru gifted it to you on level 2 of the Depths)
 60004 | Depths:3 | HP: 2/237 [ogre mage/crystal spear (56)]
 60009 | Depths:3 | HP: 8/237 [spriggan air mage/the air (22)]
 60009 | Depths:3 | Slain by a spriggan berserker

Levels and vault maps discovered:
D:1:      dpeg_arrival_ternary, layout_loops_ring
D:2:      layout_loops_ring
D:3:      layout_loops_ring, first_ration
D:4:      kennysheep_big_flooded_room, layout_loops_corners,
          grunt_temple_overflow_forces_of_nature, minmay_misc_feat_five,
          nicolae_qazlal_general_emergency
D:5:      layout_basic, uniq_pikel
D:6:      minmay_recursive_quarters, layout_gridville,
          minmay_temple_entry_slanted, hangedman_decor_slide_cut,
          uniq_blork_the_orc
D:7:      layout_rooms, nemelex_xobeh_ov_fountains_minmay,
          overflow_temple_1_default
D:8:      layout_basic, lemuel_coloured_pillars_altar,
          grunt_temple_overflow_open, hangedman_ranch [blue_anna_fruit_fields],
          uniq_joseph
D:9:      layout_loops_ring, lemuel_mausoleum_altar_yredelemnul,
          nicolae_overflow_crystal_walls, tso_altar
D:10:     layout_cave_pools, erik_lair_orcish_takeover, david_orc_2,
          special_room [special_room_bee]
D:11:     minmay_the_grid_triangle_9x9_rhombus_thin_mashed
          [minmay_the_grid_triangle_9x9_skeleton,
          minmay_the_grid_triangle_9x9_prize_special,
          minmay_the_grid_triangle_9x9_cache,
          minmay_the_grid_triangle_9x9_warning], layout_loops_ring,
          serial_shops, shop, shop, minmay_increasing_density
D:12:     layout_stronghold
D:13:     layout_loops_ring, erik_vaults_1,
          portal_ice_cave_entry_animals_and_master, small_chamber_with_monster,
          minmay_curled_crystal, uniq_jorgrun
D:14:     layout_loops_corners, kennysheep_another_room,
          david_defended_altar_orc
D:15:     hangedman_depths_entry_civil_slaughter, layout_cave_pools
Temple:   minmay_temple_forest_path
Lair:1:   gammafunk_cloud_chamber, layout_gridlike, serial_forest,
          infiniplex_forest_lined_room_2, infiniplex_forest_lined_4_way,
          infiniplex_forest_clump_curved, infiniplex_forest_straight_2,
          infiniplex_forest_zigzag_1
Lair:2:   layout_chaotic_city, gammafunk_ghost_arena, forest_entry_grove
Lair:3:   layout_roguey, nicolae_spider_entry_orb_guardian,
          serial_bayou_shore_a, grunt_megastairs_4
Lair:4:   layout_hall_layers, shoals_dummy_entry, grunt_megastairs_1
Lair:5:   layout_cave_pods, chequers_serial_rivers_small_3, columned_hall_lemuel
Lair:6:   minmay_lair_end_frog_pond, layout_misc_corridors, slime_altar_1,
          serial_bayou_shore_b
Shoals:1: layout_shoals, serial_shops, shop, uniq_kirke, uniq_louise
Shoals:2: layout_shoals, serial_shops, nicolae_shop_waterfront, uniq_ilsuiw,
          uniq_polyphemus
Shoals:3: layout_shoals, nicolae_shoals_square_sea_wall
Shoals:4: shoals_end_hangedman, layout_shoals, uniq_mara
Spider:1: layout_spider_delve
Spider:2: layout_spider_delve
Spider:3: layout_spider_delve, uniq_aizul
Spider:4: spider_rune_water, lemuel_hornet_nest
Orc:1:    layout_caves, ebering_ghost_inner_flame, enter_volcano_2,
          nicolae_orc_stony_grotto, uniq_josephine
Orc:2:    pf_orc_diabolical, layout_caves, uniq_snorg, uniq_maurice
Elf:1:    eino_elf_arrival_the_gate, layout_geoelf_grid,
          hangedman_elf_disciples, nicolae_elf_big_sculpture_2, uniq_asterion,
          uniq_donald
Elf:2:    layout_gridlike, serial_sigils, serial_sigils_hangedman_shear,
          serial_sigils_hangedman_confine, serial_sigils_hangedman_gut,
          serial_sigils_hangedman_quiver, serial_sigils_hangedman_quiver
Elf:3:    elf_hall, layout_geoelf_castle
Vaults:1: advil_vaults_ghost_lines, ontoclasm_vaults_ligature,
          hangedman_vaults_snaps, ontoclasm_vaults_claustrophobia,
          nicolae_vaults_little_squares_2, grunt_vaults_hallway_long,
          hangedman_vaults_corner, ontoclasm_vaults_gallery, v_pattern_5,
          nicolae_vaults_stairing_the_circle, vaults_room_door_hall,
          grunt_vaults_funnel, layout_vaults_big_room, serial_shops,
          nicolae_shop_stone
Vaults:2: nicolae_vaults_rhombus_6, nicolae_vaults_puzzle_piece,
          vaults_room_fancy_cross, nicolae_vaults_border_crossing, v_misc_27,
          nicolae_vaults_three_branches, ontoclasm_vaults_ring_square,
          grunt_vaults_diagonal, v_misc_9, ontoclasm_vaults_gateway,
          layout_vaults_omnicross
Vaults:3: v_misc_19, vaults_room_semicircle, minmay_crypt_entry_simple_box,
          grunt_vaults_twisty, v_misc_13, nicolae_vaults_twisting_passages,
          v_rooms_5, v_pattern_3, serial_ice_h, grunt_vaults_hallway_short,
          v_misc_19, grunt_vaults_hallway_long, st_smaller_cells, v_misc_11,
          layout_vaults_ring, serial_shops, shop
Vaults:4: kb_rosetta, nicolae_vaults_mini_display_case, ontoclasm_vaults_spin,
          v_misc_11, v_rooms_5, hangedman_vaults_capsules,
          nicolae_vaults_little_squares_5, hangedman_vaults_stretched_pinwheel,
          layout_vaults_omnigrid
Vaults:5
Depths:1: layout_basic, pf_vacation_house_of_asmodeus,
          chequers_serial_rivers_large_a, nrook_uturn, minmay_misc_feat_x,
          hangedman_research_convocations
Depths:2: minmay_skeleton_keep, layout_honeycomb, enter_ziggurat_b,
          grunt_hell_entry_dis_grunt, chequers_serial_rivers_small_3,
          kennysheep_generic_room_10, uniq_enchantress
Depths:3: minmay_angry_zag, layout_small_grid, pf_hell_entry_tar_river,
          hangedman_decor_peaks_small, rand_demon_pan_entry_5,
          infiniplex_staircase_zigzag_1

Skill      XL: |  1  2  3  4  5  6  7  8  9 10 11 12 13 14 15 16 17 18 19 20 21 22 23 24 |
---------------+-------------------------------------------------------------------------+-----
Fighting       | 4 5 6 7 8 10 11 12 14 15 16 17 18 19 20 21 23 | 23.7
Shields        | 4 5 6 8 9 11 12 14 15 17 18 20 21 23 24 25 26 27 | 27.0
Armour         | 4 5 6 7 8 9 10 11 12 13 14 15 16 17 18 | 18.2
Long Blades    | 3 4 5 6 9 10 12 13 15 16 17 18 19 20 21 22 23 24 | 24.1
Dodging        | 1 2 3 4 5 6 7 8 9 10 11 12 13 | 13.7
Stealth        | 1 3 4 5 |  5.0
Axes           | 1 2 |  2.6
Evocations     | 1 2 |  2.1
Invocations    | 1 2 |  2.3

Action                   |  1- 3 |  4- 6 |  7- 9 | 10-12 | 13-15 | 16-18 | 19-21 | 22-24 || total
-------------------------+-------+-------+-------+-------+-------+-------+-------+-------++-------
Melee: Long sword        |   116 |    55 |   258 |   355 |   192 |       |       |       ||   976
       Headbutt          |    13 |    11 |    74 |   190 |   504 |   587 |   456 |   548 ||  2383
       Hand axe          |       |       |     6 |     6 |     6 |       |       |       ||    18
       Scimitar          |       |       |       |   296 |   128 |   621 |  1342 |  1278 ||  3665
       Demon blade       |       |       |       |       |  1123 |  1097 |       |       ||  2220
Invok: Heroism           |       |       |       |     5 |     4 |     5 |     3 |     5 ||    22
Evoke: Wand              |       |       |       |     8 |     6 |     5 |       |     5 ||    24
  Use: Potion            |     3 |     2 |       |     2 |       |     9 |     2 |     4 ||    22
       Scroll            |       |       |    11 |     7 |    15 |    10 |     7 |     5 ||    55
 Stab: Sleeping          |       |       |       |     2 |    11 |       |       |       ||    13
       Paralysed         |       |       |       |       |     2 |       |       |       ||     2
       Petrified         |       |       |       |       |       |     3 |       |       ||     3
  Eat: Chunk             |     2 |     3 |     9 |    18 |    33 |    33 |    34 |    20 ||   152
       Ration            |       |     1 |       |     1 |     1 |     4 |     1 |     3 ||    11
Armor: Scale mail        |    28 |       |       |       |       |       |       |       ||    28
       Chain mail        |    39 |    22 |    61 |       |   289 |   691 |   330 |   313 ||  1745
       Ring mail         |       |       |    28 |   137 |    73 |       |       |       ||   238
Dodge: Dodged            |    41 |    20 |    86 |   320 |   555 |   948 |   458 |   606 ||  3034
Block: Shield            |    80 |    32 |   150 |   401 |  1029 |  1666 |  1123 |  1175 ||  5656
       Reflection        |       |       |       |       |       |     7 |   112 |    62 ||   181
       Rpst.: Long sword |    11 |     3 |    17 |    46 |    17 |       |       |       ||    94
       Scimitar          |       |       |       |    49 |    16 |    57 |    94 |   105 ||   321
       Demon blade       |       |       |       |       |    84 |   101 |       |       ||   185
